 Dungeon Crawl Stone Soup version 0.27-a0-1191-g601b473118 (webtiles) character file.

Game seed: 17242534782406427898

231 polve the Slasher (level 5, -3/57 HPs)
             Began as a Demonspawn Gladiator on May 23, 2021.
             Killed from afar by Dowan (9 damage)
             ... with a puff of frost
             ... on level 4 of the Dungeon.
             The game lasted 00:02:17 (3260 turns).

polve the Slasher (Demonspawn Gladiator)            Turns: 3260, Time: 00:02:18

Health: -3/57      AC: 11    Str: 16    XL:     5   Next: 72%
Magic:  5/5        EV: 11    Int:  9    God:
Gold:   125        SH:  0    Dex: 14    Spells: 4/4 levels left

rFire    . . .     SeeInvis .   a - +0 long sword
rCold    . . .     Faith    .   (no shield)
rNeg     . . .     Spirit   .   l - +0 chain mail
rPois    .         Reflect  .   c - +0 helmet
rElec    .         Harm     .   (no cloak)
rCorr    .         Rampage  .   (no gloves)
Will     .....                  (no boots)
Stlth    ..........             v - amulet of regeneration
HPRegen  1.19/turn              t - +4 ring of evasion
MPRegen  0.09/turn              (no ring)

@: berserking, flying, hasted, very quick
A: hooves 1, yellow scales 1, demonic guardian 1, MP-powered wands
a: no special abilities


You were on level 4 of the Dungeon.
You visited 1 branch of the dungeon, and saw 4 of its levels.

You collected 125 gold pieces.

Inventory:

Hand Weapons
 a - a +0 long sword (weapon)
Missiles
 d - 3 throwing nets (quivered)
Armour
 b - a +0 cloak
 c - a +0 helmet (worn)
 l - a +0 chain mail (worn)
Jewellery
 t - a +4 ring of evasion (left hand)
 v - an amulet of regeneration (around neck)
Scrolls
 g - a scroll of silence {unknown}
 h - a scroll of identify {unknown}
 i - 8 scrolls of teleportation {unknown}
 j - 2 scrolls of noise {unknown}
 n - a scroll of enchant weapon {unknown}
 o - a scroll of brand weapon {unknown}
 r - a scroll of vulnerability {unknown}
 s - a scroll of enchant armour {unknown}
Potions
 e - a potion of mutation
 m - a potion of haste


   Skills:
 - Level 2.0 Fighting
 + Level 5.9 Long Blades
 - Level 1.7 Throwing
 - Level 2.6 Dodging


You had 4 spell levels left.
You didn't know any spells.
Your spell library was empty.

Dungeon Overview and Level Annotations

Branches:
Dungeon (4/15)
 Temple: D:4-7

Altars:
Trog
Xom
The Shining One

Shops:
D:3 *

Annotations:
D:4 Dowan, Duvessa


Innate Abilities, Weirdness & Mutations

You have large cloven feet.
You are partially covered in yellow scales. (AC +2)
A weak demonic guardian rushes to your aid.
You expend magic power (3 MP) to strengthen your wands.


Message History

You feel stronger.
You feel weaker.
You feel better. Duvessa hits you with a +0 short sword.
* * * LOW HITPOINT WARNING * * *
Your white imp gestures at Dowan.
The puff of frost hits Dowan.
Dowan hits your white imp with a +0 dagger of holy wrath.
Your white imp convulses.
It was a potion of flight.
You feel very buoyant.
You fly up into the air.
Duvessa closely misses you.
It was a potion of berserk rage.
A red film seems to cover your vision as you go berserk!
You feel yourself moving faster!
You feel mighty!
Dowan points at your white imp and mumbles some strange words.
The puff of frost hits your white imp.
Your white imp resists.
Your white imp gestures at Dowan.
The puff of frost hits Dowan!
You hit Duvessa but do no damage. You kick Duvessa, but do no damage.
Duvessa is severely wounded.
Duvessa hits you with a +0 short sword!
* * * LOW HITPOINT WARNING * * *
Your white imp hits Dowan but does no damage.
Dowan closely misses your white imp.
You slash Duvessa!
Duvessa is almost dead.
Duvessa hits you with a +0 short sword.
* * * LOW HITPOINT WARNING * * *
Your white imp barely misses Dowan.
Dowan smirks and points a slender finger at your white imp.
Dowan hits your white imp with a +0 dagger of holy wrath.
Your white imp dies!
Dowan shouts!
Your chain mail prevents you from hitting Duvessa.
Your kick misses Duvessa.
Duvessa is almost dead.
Duvessa hits you but does no damage. Dowan gestures at you while chanting.
The puff of frost hits you!
You die...

..#
#.#
#.#
#.#
##.##
...
#.#
#e#
#@#
#e#
#.#
..#
###


You could see Duvessa and Dowan.

Vanquished Creatures
  A jelly (D:3)
  An orc priest (D:3)
  Natasha (D:3)
  3 adders
  An adder skeleton (D:4)
  4 worms
  10 orcs (D:3)
  4 ball pythons
  4 bats
  4 endoplasms
  3 giant cockroaches
  4 goblins
  A hobgoblin (D:1)
  5 jackals
  A quokka (D:1)
  A frilled lizard (D:3)
  3 kobolds
  10 rats
61 creatures vanquished.

Vanquished Creatures (collateral kills)
  Natasha (D:3)
  An orc wizard (D:3)
2 creatures vanquished.

Grand Total: 63 creatures vanquished

Notes
Turn   | Place    | Note
-------+----------+-------------------------------------------
     0 | D:1      | polve the Demonspawn Gladiator began the quest for the Orb.
     0 | D:1      | Reached XP level 1. HP: 16/16 MP: 1/1
    18 | D:1      | Found a faded altar of an unknown god.
   100 | D:1      | Reached skill level 3 in Long Blades
   183 | D:1      | Gained mutation: You have large cloven feet. [demonic
                  | ancestry]
   183 | D:1      | Reached XP level 2. HP: 22/22 MP: 2/2
  1514 | D:2      | Reached XP level 3. HP: 27/27 MP: 3/3
  1516 | D:2      | Reached skill level 4 in Long Blades
  1634 | D:2      | Found a bloodstained altar of Trog.
  2228 | D:3      | Found a shimmering altar of Xom.
  2257 | D:3      | Found Dilavyv's General Store.
  2379 | D:3      | You fall into a shaft and drop 1 floor!
  2389 | D:4      | Gained mutation: A weak demonic guardian rushes to your
                  | aid. [demonic ancestry]
  2389 | D:4      | Reached XP level 4. HP: 31/33 MP: 4/4
  2903 | D:3      | Noticed Natasha
  2910 | D:3      | Killed Natasha
  2911 | D:3      | Reached skill level 5 in Long Blades
  3040 | D:3      | Gained mutation: You are partially covered in yellow
                  | scales. (AC +2) [demonic ancestry]
  3040 | D:3      | Reached XP level 5. HP: 6/38 MP: 5/5
  3152 | D:3      | Noticed Natasha
  3161 | D:3      | Killed Natasha
  3227 | D:4      | Noticed Duvessa
  3227 | D:4      | Noticed Dowan
  3253 | D:4      | HP: 1/38 [Dowan/+0 dagger of holy wrath (3)]
  3254 | D:4      | Gained mutation: You expend magic power (3 MP) to
                  | strengthen your wands. [potion of mutation]
  3254 | D:4      | Gained mutation: Your muscles are strong. (Str +2) [potion
                  | of mutation]
  3254 | D:4      | Lost mutation: Your muscles are strong. (Str +2) [potion of
                  | mutation]
  3260 | D:4      | Killed from afar by Dowan

Illustrated notes

Levels and vault maps discovered:
D:1:      onia_arrival_mini_spirals, layout_loops_cross, basic_ecumenical_altar,
          chequers_serial_rivers_micro_b
D:2:      layout_loops_cross, basic_altar, patterned_corridor
D:3:      layout_basic, nicolae_tso_carved_into_rock, old_standard_altar,
          serial_shops, shop_fountains, serial_glass, glass_columns_b,
          glass_columns_a, glass_columns_a, uniq_natasha
D:4:      layout_loops_ring, uniq_duvessa

Skill      XL: |  1  2  3  4 |
---------------+-------------+-----
Long Blades    | 3 4 5 |  5.9
Fighting       | |  2.0
Throwing       | |  1.7
Dodging        | |  2.6

Action                   |  1- 3 |  4- 6 || total
-------------------------+-------+-------++-------
Melee: Long sword        |    83 |   116 ||   199
       Kick              |    21 |    33 ||    54
  Use: Potion            |       |     7 ||     7
 Stab: Sleeping          |     1 |       ||     1
Armor: Leather armour    |    10 |       ||    10
       Chain mail        |    29 |    75 ||   104
Dodge: Dodged            |    43 |    40 ||    83
       Rpst.: Long sword |    19 |     8 ||    27

Table legend: (Time is in decaauts)
 A = Elapsed time spent in this place.
 B = Non-inter-level travel time spent in this place.
 C = Inter-level travel time spent in this place.
 D = Time resting spent in this place.
 E = Time spent auto-exploring this place.
 F = Levels seen in this place.
 G = Mean time per level.
                   A        B        C        D        E       F      G
               +--------+--------+--------+--------+--------+-----+--------+
         Total |   3297 |   3156 |    141 |      0 |   2698 |   4 |  824.2 |
       Dungeon |   3297 |   3156 |    141 |      0 |   2698 |   4 |  824.2 |
               +--------+--------+--------+--------+--------+-----+--------+

Top non-repeatable levels by time:
     D:2: 1136 daAuts
     D:1: 1089 daAuts
     D:3: 956 daAuts
     D:4: 114 daAuts
